 Dungeon Crawl Stone Soup version 0.20-a0-1006-ge6c5631 (webtiles) character file.

8336 AlphabetPasta the Infuser (level 11, -2/85 (86) HPs)
             Began as a Bultungin Skald on Apr 12, 2017.
             Was a Priest of Okawaru.
             Slain by a vampire (12 damage)
             ... on level 10 of the Dungeon on Apr 13, 2017.
             The game lasted 00:56:00 (11341 turns).

AlphabetPasta the Infuser (Bultungin Skald)        Turns: 11341, Time: 00:56:00

HP:   -2/85 (86)    AC: 12    Str: 13    XL:     11   Next: 29%
MP:   23/23         EV: 15    Int: 14    God:    Okawaru [***...]
Gold: 651           SH:  0    Dex: 14    Spells: 12/26 levels left

rFire    . . .     SeeInvis +   w - +0 war axe
rCold    . . .     Gourm    .   (no shield)
rNeg     . . .     Faith    .   l - +0 ring mail {rPois}
rPois    +         Spirit   .   (no helmet)
rElec    .         Reflect  .   u - +2 cloak
rCorr    .         Harm     .   j - +1 pair of gloves
MR       .....                  (no boots)
Stlth    ++........             s - amulet of magic regeneration
Regen    0.3/turn               h - ring of stealth
MPRegen  0.3/turn               (no ring)

@: infused (expiring)
A: short attention span, fangs 1, see invisible, strong nose
a: Heroism, Renounce Religion


You were on level 10 of the Dungeon.
You worshipped Okawaru.
Okawaru was most pleased with you.
You were hungry.

You visited 2 branches of the dungeon, and saw 11 of its levels.

You collected 651 gold pieces.

Inventory:

Hand Weapons
 a - a +1 hand axe
 w - a +0 war axe (weapon)
 E - a +0 hand crossbow
Missiles
 e - 5 javelins (quivered)
 k - 80 bolts
Armour
 b - a +0 leather armour
 j - a +1 pair of gloves (worn)
 l - a +0 ring mail of poison resistance (worn)
 q - a +3 ring mail of fire resistance
 u - a +2 cloak (worn)
Jewellery
 h - a ring of stealth (left hand)
 s - an amulet of magic regeneration (around neck)
Wands
 m - a wand of iceblast (0/15)
 v - a wand of lightning (9/15)
 D - a wand of polymorph (12/24)
Scrolls
 f - a scroll of enchant weapon
 p - 7 scrolls of remove curse
 t - a scroll of recharging
 y - 4 scrolls of teleportation
 B - 2 scrolls of amnesia
Potions
 g - 4 potions of flight
 n - 4 potions of brilliance
 r - a potion of berserk rage {unknown}
 z - a potion of haste
 C - 2 potions of lignification
Books
 c - a book of Battle

   Spells                             Type                      Level
   a - Infusion                       Charms                       1
   b - Shroud of Golubria             Charms/Translocation         2
   c - Song of Slaying                Charms                       2
   d - Spectral Weapon                Hexes/Charms                 3
   e - Regeneration                   Charms/Necromancy            3
Comestibles
 d - 7 bread rations
 i - 10 fruits
 o - 6 meat rations
 A - 7 royal jellies


   Skills:
 + Level 8.0 Fighting
 + Level 9.4 Axes
 * Level 0.0 Crossbows
 + Level 8.0 Armour
 + Level 8.1 Dodging
 + Level 8.2 Spellcasting
 - Level 4.0 Hexes
 + Level 9.7 Charms
 - Level 3.1 Necromancy
 + Level 3.0 Translocations
 + Level 4.5 Invocations
 - Level 5.5 Evocations


You had 12 spell levels left.
You knew the following spells:

 Your Spells              Type           Power        Failure   Level  Hunger
a - Infusion              Chrm           ####         1%          1    None
b - Song of Slaying       Chrm           ####....     1%          2    None
c - Shroud of Golubria    Chrm/Tloc      ###.......   3%          2    None
d - Regeneration          Chrm/Necr      ###.......   6%          3    ##.....
e - Spectral Weapon       Hex/Chrm       ####....     6%          3    ##.....
f - Vampiric Draining     Necr           ##........   21%         3    ##.....


Dungeon Overview and Level Annotations

Branches:
Dungeon (10/15)            Temple (1/1) D:7
   Lair: D:8-11         Orc: D:9-12

Altars:
Ashenzari
Cheibriados
Dithmenos
Elyvilon
Fedhas
Gozag
Hepliaklqana
Kikubaaqudgha
Makhleb
Nemelex Xobeh
Okawaru
Qazlal
Ru
Sif Muna
Trog
Uskayaw
Vehumet
Wu Jian
Xom
Yredelemnul
Zin
The Shining One

Annotations:
D:4 Magifyre's ghost, novice FoFi
D:7 smellytoes22's ghost, novice DgFi


Innate Abilities, Weirdness & Mutations

You have a short attention span.
You have very sharp teeth.
You have supernaturally acute eyesight. (SInv)
Your uncanny sense of smell can sniff out nearby items.


Message History

The vampire is lightly damaged.
The vampire hits you.
* * * LOW HITPOINT WARNING * * *
The vampire bites you but does no damage.
You hit the vampire! Your bite misses the vampire.
The vampire is moderately damaged.
The vampire hits you.
* * * LOW HITPOINT WARNING * * *
The vampire barely misses you.
You hit the vampire but do no damage. You bite the vampire, but do no damage.
The vampire is moderately damaged.
The vampire hits you!
* * * LOW HITPOINT WARNING * * *
The vampire misses you.
You hit the vampire.
The vampire is heavily damaged.
The vampire hits you.
* * * LOW HITPOINT WARNING * * *
The vampire bites you!
You die...

#..#
##.##
#..#
##.#
#.##
#..#
##.##
#..#
#.@#
##V#
#..
....
..###
....
....
.....


You could see a vampire (invisible).

Vanquished Creatures
  A two-headed ogre (D:9)
  An unseen horror (D:9)
  An ugly thing (D:9)
  Maurice (D:9)
  Joseph (D:7)
  Psyche (D:9)
  A queen bee (D:9)
  A wyvern (D:8)
  Eustachio (D:5)
  Sigmund (D:2)
  A hungry ghost (D:5)
  A steam dragon (D:9)
  A water moccasin (D:7)
  3 orc warriors
  2 black bears
  An ice beast (D:5)
  2 necrophages
  2 phantoms
  2 sky beasts
  6 ogres
  3 centaurs
  3 big kobolds
  5 bullfrogs
  3 scorpions
  19 killer bees
  4 howler monkeys
  2 crimson imps
  A bullfrog zombie (D:8)
  A centaur zombie (D:7)
  A quasit (D:8)
  A hound (D:9)
  3 jellies
  A bullfrog skeleton (D:6)
  7 orc priests
  9 orc wizards
  A gnoll shaman (D:6)
  Terence (D:2)
  4 iguanas
  5 worker ants
  A hound zombie (D:5)
  A hound skeleton (D:4)
  11 adders
  8 gnolls (D:7)
  A howler monkey skeleton (D:8)
  2 shadow imps
  2 oozes
  An adder skeleton (D:6)
  An adder zombie (D:5)
  3 worms
  4 dart slugs
  5 leopard geckos
  36 orcs
  2 bats
  2 giant cockroaches (D:1)
  12 goblins
  11 hobgoblins
  12 jackals
  23 kobolds
  7 quokkas
  6 frilled lizards
  2 jackal zombies
  A quokka zombie (D:5)
  6 rats
265 creatures vanquished.

Notes
Turn   | Place    | Note
-------+----------+-------------------------------------------
     0 | D:1      | AlphabetPasta the Bultungin Skald began the quest for the Orb.
     0 | D:1      | Reached XP level 1. HP: 18/18 MP: 4/4
     0 | D:1      | Upgraded the game from 0.20-a0-1000-g0e8f6bb to 0.20-a0-1006-ge6c5631
    16 | D:1      | Reached XP level 2. HP: 24/24 MP: 0/6
    23 | D:1      | Learned a level 2 spell: Song of Slaying
    26 | D:1      | Learned a level 2 spell: Shroud of Golubria
   541 | D:1      | Reached XP level 3. HP: 28/29 MP: 7/7
   950 | D:2      | Reached skill level 5 in Charms
   950 | D:2      | Reached XP level 4. HP: 34/36 MP: 2/9
   955 | D:2      | Learned a level 3 spell: Regeneration
  1010 | D:2      | Noticed Sigmund
  1023 | D:2      | Killed Sigmund
  1023 | D:2      | Reached skill level 5 in Axes
  1023 | D:2      | Reached XP level 5. HP: 22/42 MP: 1/11
  1200 | D:2      | Found a glowing golden altar of the Shining One.
  1235 | D:2      | Noticed Terence
  1254 | D:2      | Killed Terence
  1254 | D:2      | Reached XP level 6. HP: 43/48 MP: 7/12
  1273 | D:2      | Learned a level 3 spell: Spectral Weapon
  2512 | D:3      | Noticed a sky beast
  2522 | D:3      | Killed a sky beast
  2522 | D:3      | Reached skill level 1 in Evocations
  2522 | D:3      | Reached XP level 7. HP: 46/55 MP: 1/13
  3017 | D:4      | Reached skill level 5 in Spellcasting
  3254 | D:4      | Reached skill level 5 in Fighting
  3359 | D:4      | Reached skill level 5 in Dodging
  3632 | D:4      | Noticed Magifyre's ghost (novice FoFi)
  3632 | D:4      | Reached XP level 8. HP: 62/62 MP: 11/16
  3906 | D:3      | Reached skill level 5 in Armour
  4697 | D:5      | Entered Level 5 of the Dungeon
  4748 | D:5      | Reached skill level 1 in Hexes
  4823 | D:5      | Noticed Eustachio
  4848 | D:5      | Killed Eustachio
  4848 | D:5      | Reached skill level 1 in Necromancy
  5131 | D:5      | Learned a level 3 spell: Spectral Weapon
  5162 | D:5      | Learned a level 3 spell: Vampiric Draining
  5183 | D:5      | Reached skill level 1 in Translocations
  5183 | D:5      | Reached XP level 9. HP: 65/69 MP: 7/18
  6680 | D:7      | Noticed Joseph
  6708 | D:7      | Killed Joseph
  6721 | D:7      | Reached skill level 5 in Evocations
  7326 | D:7      | Noticed smellytoes22's ghost (novice DgFi)
  7328 | D:7      | Reached XP level 10. HP: 77/77 MP: 14/21
  7918 | D:7      | Found a staircase to the Ecumenical Temple.
  7927 | Temple   | Entered the Ecumenical Temple
  7946 | Temple   | Became a worshipper of Warmaster Okawaru
  8400 | D:7      | Reached skill level 1 in Invocations
  9372 | D:9      | Noticed an unseen horror
  9376 | D:9      | Reached * piety under Okawaru
  9387 | D:9      | HP: 2/79 [orc warrior/scimitar of holy wrath (15)]
  9398 | D:9      | HP: 1/79 [unseen horror (6)]
  9399 | D:9      | Killed an unseen horror
  9617 | D:9      | Noticed Maurice
  9717 | D:9      | Reached ** piety under Okawaru
  9725 | D:9      | Killed Maurice
  9795 | D:9      | Noticed Psyche
  9806 | D:9      | Killed Psyche
  9921 | D:9      | Found a flagged portal.
  9921 | D:9      | Noticed a red ugly thing
 10079 | D:9      | Reached XP level 11. HP: 63/83 MP: 18/23
 10488 | D:9      | Noticed a two-headed ogre
 10498 | D:9      | Killed a two-headed ogre
 10498 | D:9      | Reached *** piety under Okawaru
 10769 | D:9      | Killed a red ugly thing
 10926 | D:10     | Entered Level 10 of the Dungeon
 11113 | D:10     | Found a hazy altar of Hepliaklqana.
 11341 | D:10     | Slain by a vampire

Vault maps used:
D:1:      lightli_arrival_statuegarden
D:2:      old_standard_altar, serial_park_tiny_pond, minmay_door_square,
          uniq_sigmund, uniq_terence
D:4:      hangedman_abyss_or_decor_stabs
D:5:      first_bread, uniq_eustachio
D:6:      minivault_24
D:7:      minmay_temple_entry_nine_rooms, minmay_misc_feat_plants, uniq_joseph
D:9:      enter_bailey_3, david_nohive_1, minivault_4, uniq_maurice, uniq_psyche
D:10:     basic_altar, serial_park, uniq_josephine
Temple:   compressed_dpeg_triangle_lava_temple

Skill      XL: |  1  2  3  4  5  6  7  8  9 10 11 |
---------------+----------------------------------+-----
Axes           | 4 5 6 7 8 9 |  9.4
Armour         | 2 3 4 5 6 7 8 |  8.0
Charms         | 5 6 7 8 9 |  9.7
Fighting       | 4 5 6 7 8 |  8.0
Dodging        | 4 5 6 7 8 |  8.1
Spellcasting   | 4 5 6 7 8 |  8.2
Evocations     | 1 2 4 5 |  5.5
Hexes          | 1 3 4 |  4.0
Necromancy     | 1 3 |  3.1
Translocations | 1 2 3 |  3.0
Invocations    | 3 4 |  4.5

Action                   |  1- 3 |  4- 6 |  7- 9 | 10-12 || total
-------------------------+-------+-------+-------+-------++-------
Melee: Hand axe          |    92 |    80 |       |       ||   172
       Bite              |     6 |    14 |    31 |    31 ||    82
       War axe           |       |    43 |   365 |   355 ||   763
Throw: Javelin           |       |     2 |       |     2 ||     4
 Cast: Infusion          |     8 |    12 |    33 |    27 ||    80
       Regeneration      |       |       |     5 |     6 ||    11
       Shroud of Golubri |       |       |     7 |    12 ||    19
       Song of Slaying   |       |       |     5 |     3 ||     8
Evoke: Wand              |       |       |       |     7 ||     7
  Use: Scroll            |     3 |     4 |    13 |     6 ||    26
       Potion            |       |       |     4 |     3 ||     7
 Stab: Sleeping          |     1 |       |     3 |     3 ||     7
  Eat: Chunk             |       |     5 |    15 |    10 ||    30
       Royal jelly       |       |       |     1 |     1 ||     2
       Fruit             |       |       |       |     1 ||     1
Armor: Leather armour    |    19 |       |       |       ||    19
       Ring mail         |       |    25 |   163 |   162 ||   350
Dodge: Dodged            |    54 |    75 |   274 |   374 ||   777
